 Dungeon Crawl Stone Soup version 0.28.0-53-g5a82cb258f (webtiles) character file.

Game seed: 14264397563794735745

349 MisterFreud the Covert (level 6, -7/53 HPs)
             Began as a Gnoll Delver on June 1, 2022.
             Was a Follower of Wu Jian.
             Mangled by Menkaure (11 damage)
             ... on level 4 of the Dungeon.
             The game lasted 00:03:11 (2787 turns).

MisterFreud the Covert (Gnoll Delver)               Turns: 2787, Time: 00:03:11

Health: -7/53      AC:  5    Str: 11    XL:     6   Next: 60%
Magic:  9/9        EV: 14    Int: 11    God:    Wu Jian [*.....]
Gold:   163        SH:  0    Dex: 14    Spells: 9/9 levels left

rFire   . . .      SeeInvis .   p - +2 dagger (venom)
rCold   . . .      Faith    .   (no shield)
rNeg    . . .      Spirit   .   i - +0 steam dragon scales
rPois   .          Reflect  .   (no helmet)
rElec   .          Harm     .   (no cloak)
rCorr   .          Rampage  .   (no gloves)
Will    .....                   (no boots)
Stlth   ++++......              (no amulet)
HPRegen 0.17/turn               (no ring)
MPRegen 0.11/turn               (no ring)

@: no status effects
A: fangs 1, strong nose, distributed training
a: Renounce Religion


You were on level 4 of the Dungeon.
You worshipped Wu Jian.
Wu Jian was aware of your devotion.
You visited 1 branch of the dungeon, and saw 6 of its levels.

You collected 163 gold pieces.

Inventory:

Hand Weapons
 a - a +0 short sword
 n - a +1 dagger of protection
 p - a +2 dagger of venom (weapon)
 w - a +4 whip
Missiles
 s - 2 throwing nets (quivered)
 v - 6 poisoned darts
Armour
 b - a +0 leather armour
 i - +0 steam dragon scales (worn)
Jewellery
 r - a ring of fire
Wands
 g - a wand of digging (3)
Scrolls
 c - 2 scrolls of fog
 d - 2 scrolls of magic mapping
 e - a scroll of fear
 m - 2 scrolls of teleportation {unknown}
 o - 4 scrolls of identify {unknown}
 u - a scroll of noise {unknown}
 x - a scroll of immolation {unknown}
Potions
 f - a potion of haste
 h - 2 potions of heal wounds {unknown}
 j - a potion of invisibility {unknown}
 k - a potion of brilliance {unknown}
 l - 2 potions of mutation {unknown}
 q - a potion of lignification {unknown}
 t - 2 potions of curing {unknown}


   Skills:
 + Level 6.8 Fighting
 + Level 5.0 Short Blades
 + Level 2.0 Long Blades
 + Level 2.0 Axes
 + Level 2.0 Maces & Flails
 + Level 2.0 Polearms
 + Level 2.0 Staves
 + Level 2.0 Slings
 + Level 2.0 Bows
 + Level 2.0 Crossbows
 + Level 2.0 Throwing
 + Level 2.0 Armour
 + Level 5.0 Dodging
 + Level 9.8 Stealth
 + Level 2.0 Shields
 + Level 2.0 Unarmed Combat
 + Level 2.0 Spellcasting
 + Level 1.6 Conjurations
 + Level 1.6 Hexes
 + Level 1.6 Summonings
 + Level 1.6 Necromancy
 + Level 1.6 Translocations
 + Level 1.6 Transmutations
 + Level 1.6 Fire Magic
 + Level 1.6 Ice Magic
 + Level 1.6 Air Magic
 + Level 1.6 Earth Magic
 + Level 1.6 Poison Magic
 + Level 2.2 Invocations
 + Level 2.0 Evocations


You had 9 spell levels left.
You didn't know any spells.
Your spell library contained the following spells:

 Spells                   Type           Power      Damage    Failure   Level
 Apportation              Tloc           8%         N/A       16%         1
 Corpse Rot               Necr/Air       8%         N/A       22%         2
 Poisonous Vapours        Pois/Air       8%         N/A       22%         2
 Dazzling Flash           Conj/Hex       8%         N/A       41%         3
 Ignite Poison            Fire/Tmut/Pois 4%         N/A       41%         3
 Mephitic Cloud           Conj/Pois/Air  4%         N/A       41%         3
 Iskenderun's Mystic Bla  Conj/Tloc      4%         2d3       83%         4
 Alistair's Intoxication  Tmut/Pois      2%         N/A       99%         5
 Freezing Cloud           Conj/Ice/Air   2%         6-21      99%         5
 Starburst                Conj/Fire      2%         6d3       100%        6


Dungeon Overview and Level Annotations

Branches:
Dungeon (6/15)
 Temple: D:4-7

Altars:
Wu Jian

Annotations:
D:4 Menkaure


Innate Abilities, Weirdness & Mutations

You have very sharp teeth.
Your uncanny sense of smell can sniff out nearby items.
Your experience applies equally to all skills.


Message History

Menkaure shouts!
Menkaure is nearby!
You hit Menkaure.
Menkaure is lightly damaged.
You hit Menkaure.
Menkaure is lightly damaged.
Menkaure hits you!
You barely miss Menkaure.
Menkaure is lightly damaged.
Menkaure misses you.
You hit Menkaure. You punch Menkaure, but do no damage. You bite Menkaure.
Menkaure is moderately damaged.
You hit Menkaure.
Menkaure is moderately damaged.
Menkaure hits you!!
You are too injured to fight recklessly!
You hit Menkaure.
Menkaure is moderately damaged.
You barely miss Menkaure.
Menkaure is moderately damaged.
Menkaure whispers in an indecipherable tongue.
Menkaure gestures wildly while chanting.
Menkaure seems to speed up.
You are too injured to fight recklessly!
You hit Menkaure but do no damage. You bite Menkaure.
Menkaure is heavily damaged.
Menkaure calls on the powers of darkness!
Your body is wracked with pain!
* * * LOW HITPOINT WARNING * * *
You hit Menkaure. You bite Menkaure.
Menkaure is severely damaged.
Menkaure barely misses you.
You hit Menkaure.
Menkaure is almost destroyed.
Menkaure hits you!
* * * LOW HITPOINT WARNING * * *
You barely miss Menkaure.
Menkaure is almost destroyed.
Menkaure hits you!
You die...

...##.#.#.#....#
...##.#.#.######
...##.#.#.# ...##.#.#.#
# ....#.#.#.# #.#
.####.#.#.# ...# .
.#.#.# ....#
.######'#.########.....#
................@M.....#
#####..........###.....#
. #<.>..####.# ....#
#+###.....# #.# .###
..........# #.# #
........#.# #.. ∆
........#.# ###
........#[# ........#.#


You could see Menkaure (fast).

Vanquished Creatures
  A steam dragon (D:6)
  A water moccasin skeleton (D:4)
  A hound (D:2)
  A jelly (D:3)
  Jessica (D:2)
  Terence (D:2)
  A killer bee zombie (D:6)
  3 dart slugs
  2 orcs (D:3)
  4 ball pythons
  4 bats
  3 endoplasms
  2 giant cockroaches
  4 goblins
  3 hobgoblins
  3 quokkas
  6 frilled lizards
  4 kobolds
  4 rats
49 creatures vanquished.

Notes
Turn   | Place    | Note
-------+----------+-------------------------------------------
     0 | D:5      | Reached skill level 9 in Stealth
     0 | D:5      | MisterFreud the Gnoll Delver began the quest for the Orb.
     0 | D:5      | Reached XP level 1. HP: 23/23 MP: 1/1
     4 | D:6      | Noticed a steam dragon
     5 | D:6      | Killed a steam dragon
     6 | D:6      | Reached skill level 1 in Long Blades
     6 | D:6      | Reached skill level 1 in Axes
     6 | D:6      | Reached skill level 1 in Maces & Flails
     6 | D:6      | Reached skill level 1 in Polearms
     6 | D:6      | Reached skill level 1 in Staves
     6 | D:6      | Reached skill level 1 in Slings
     6 | D:6      | Reached skill level 1 in Bows
     6 | D:6      | Reached skill level 1 in Crossbows
     6 | D:6      | Reached skill level 1 in Throwing
     6 | D:6      | Reached skill level 1 in Armour
     6 | D:6      | Reached skill level 1 in Shields
     6 | D:6      | Reached skill level 1 in Unarmed Combat
     6 | D:6      | Reached skill level 1 in Spellcasting
     6 | D:6      | Reached skill level 1 in Conjurations
     6 | D:6      | Reached skill level 1 in Hexes
     6 | D:6      | Reached skill level 1 in Summonings
     6 | D:6      | Reached skill level 1 in Necromancy
     6 | D:6      | Reached skill level 1 in Translocations
     6 | D:6      | Reached skill level 1 in Transmutations
     6 | D:6      | Reached skill level 1 in Fire Magic
     6 | D:6      | Reached skill level 1 in Ice Magic
     6 | D:6      | Reached skill level 1 in Air Magic
     6 | D:6      | Reached skill level 1 in Earth Magic
     6 | D:6      | Reached skill level 1 in Poison Magic
     6 | D:6      | Reached skill level 1 in Invocations
     6 | D:6      | Reached skill level 1 in Evocations
     6 | D:6      | Reached XP level 2. HP: 29/29 MP: 1/3
     6 | D:6      | Reached XP level 3. HP: 35/35 MP: 1/4
     6 | D:6      | Reached XP level 4. HP: 41/41 MP: 1/5
     6 | D:6      | Reached XP level 5. HP: 47/47 MP: 1/6
   203 | D:2      | Noticed Jessica
   223 | D:2      | Killed Jessica
   224 | D:2      | Reached XP level 6. HP: 11/53 MP: 8/8
   638 | D:2      | Noticed Terence
   673 | D:2      | Killed Terence
  1152 | D:1      | Found a faded altar of an unknown god.
  1255 | D:1      | Reached skill level 5 in Short Blades
  1255 | D:1      | Reached skill level 5 in Dodging
  1692 | D:1      | Prayed at the altar of an unknown god.
  1692 | D:1      | Became a worshipper of the Wu Jian Council
  1692 | D:1      | Reached * piety under Wu Jian
  2379 | D:3      | Noticed a black bear
  2776 | D:4      | Noticed Menkaure
  2787 | D:4      | Mangled by Menkaure

Illustrated notes

Levels and vault maps discovered:
D:1:      nicolae_arrival_memento_mori, layout_loops_corners,
          shapermc_ecumenical_altar_flowoftime
D:2:      layout_basic, minmay_misc_feat_room, uniq_jessica, uniq_terence
D:3:      layout_rooms
D:4:      layout_basic, mainiacjoe_overflow_surrounded_room, serial_rivers,
          chequers_serial_rivers_room_a, chequers_serial_rivers_room_b,
          chequers_serial_rivers_micro_a, chequers_serial_rivers_marsh,
          chequers_serial_rivers_small_3, uniq_menkaure
D:5:      layout_loops_corners, uniq_blork_the_orc, uniq_grinder
D:6:      layout_basic, lemuel_crystal_altar, nicolae_fountain_basement

Skill      XL: |  1  2  3  4  5  6 |
---------------+-------------------+-----
Stealth        | |  9.8
Long Blades    | 1 2 |  2.0
Axes           | 1 2 |  2.0
Maces & Flails | 1 2 |  2.0
Polearms       | 1 2 |  2.0
Staves         | 1 2 |  2.0
Slings         | 1 2 |  2.0
Bows           | 1 2 |  2.0
Crossbows      | 1 2 |  2.0
Throwing       | 1 2 |  2.0
Armour         | 1 2 |  2.0
Shields        | 1 2 |  2.0
Unarmed Combat | 1 2 |  2.0
Spellcasting   | 1 2 |  2.0
Conjurations   | 1 |  1.6
Hexes          | 1 |  1.6
Summonings     | 1 |  1.6
Necromancy     | 1 |  1.6
Translocations | 1 |  1.6
Transmutations | 1 |  1.6
Fire Magic     | 1 |  1.6
Ice Magic      | 1 |  1.6
Air Magic      | 1 |  1.6
Earth Magic    | 1 |  1.6
Poison Magic   | 1 |  1.6
Invocations    | 1 2 |  2.2
Evocations     | 1 2 |  2.0
Short Blades   | 5 |  5.0
Dodging        | 5 |  5.0
Fighting       | |  6.8

Action                   |  1- 3 |  4- 6 || total
-------------------------+-------+-------++-------
Melee: Short sword       |     1 |    45 ||    46
       Bite              |       |    24 ||    24
       Punch             |       |     4 ||     4
       Dagger            |       |   104 ||   104
Invok: Lunge             |       |     7 ||     7
       Whirlwind         |       |     1 ||     1
 Stab: Sleeping          |     1 |    28 ||    29
Armor: Steam dragon scal |       |    21 ||    21
Dodge: Dodged            |       |    65 ||    65
